 Dungeon Crawl Stone Soup version 0.30-a0-743-gbfdf073431 (webtiles) character file.

Game seed: 7229482878334684908

358 porpoise the Cleaver (level 6, -9/57 HPs)
             Began as a Hill Orc Monk on Feb 6, 2023.
             Mangled by Pikel
             ... wielding a +0 whip of electrocution
              (20 damage)
             ... on level 4 of the Dungeon.
             The game lasted 00:15:06 (3884 turns).

porpoise the Cleaver (Hill Orc Monk)                Turns: 3884, Time: 00:15:07

Health: -9/57      AC: 11    Str: 22    XL:     6   Next: 64%
Magic:  6/6        EV: 11    Int: 10    God:
Gold:   159        SH:  0    Dex: 13    Spells: 5/5 levels left

rFire   . . .      SeeInvis .    a - +0 hand axe (heavy)
rCold   . . .      Faith    .    (no shield)
rNeg    . . .      Spirit   .    g - +0 ring mail
rPois   .          Reflect  .    (no helmet)
rElec   .          Harm     .    e - +0 cloak
rCorr   .          Rampage  .    j - +0 pair of gloves
Will    .....                    (no boots)
Stlth   +                        q - amulet of the acrobat
HPRegen 0.29/turn                m - +6 ring of strength
MPRegen 0.10/turn                r - +4 ring of protection

@: no status effects
A: no striking features
a: no special abilities


You were on level 4 of the Dungeon.
You visited 1 branch of the dungeon, and saw 4 of its levels.

You collected 159 gold pieces.

Inventory:

Hand Weapons
 a - a +0 heavy hand axe (weapon)
 b - a +0 sling
 w - a +0 hand axe
Missiles
 d - 18 poisoned darts
 k - 5 boomerangs (quivered)
 l - 2 throwing nets
Armour
 e - a +0 cloak (worn)
 g - a +0 ring mail (worn)
 j - a +0 pair of gloves (worn)
Jewellery
 m - a +6 ring of strength (left hand)
 q - an amulet of the acrobat (around neck)
 r - a +4 ring of protection (right hand)
 y - a ring of positive energy
Scrolls
 h - a scroll of acquirement {unknown}
 i - a scroll of teleportation {unknown}
 n - a scroll of blinking
 p - 2 scrolls of immolation {unknown}
 s - 2 scrolls of identify
 t - a scroll of torment {unknown}
 v - a scroll of magic mapping {unknown}
 x - a scroll of enchant weapon {unknown}
Potions
 c - a potion of ambrosia
 f - 3 potions of curing
 o - a potion of heal wounds
 z - a potion of might


   Skills:
 + Level 5.7 Fighting
 * Level 8.2 Axes
 - Level 2.4 Dodging
 - Level 1.5 Stealth


You had 5 spell levels left.
You didn't know any spells.
Your spell library contained the following spells:

 Spells                   Type           Power      Damage    Failure   Level
 Sandblast                Erth           0%         2d4       52%         1
 Passwall                 Tmut/Erth      0%         N/A       67%         2
 Stone Arrow              Conj/Erth      0%         3d7       88%         3
 Freezing Cloud           Conj/Ice/Air   0%         6-21      100%        5
 Simulacrum               Ice/Necr       0%         N/A       100%        6
 Polar Vortex             Ice            0%         N/A       100%        9


Dungeon Overview and Level Annotations

Branches:
Dungeon (4/15)
 Temple: D:4-7

Altars:
Elyvilon

Shops:
D:3 (

Annotations:
D:4 Pikel


Message History

A lemure comes into view.
The lemure closely misses you.
You barely miss the lemure.
The lemure is severely wounded.
The lemure closely misses you.
You slash the lemure!
You kill the lemure!
That felt strangely unrewarding.
Pikel, Merchant of Souls comes into view.
He is wielding a +0 whip of electrocution.
Pikel shouts!
The lemure shouts!
You see here a +0 giant club.
You barely miss Pikel. Pikel closely misses you.
You miss Pikel. Pikel closely misses you. Pikel hits you but does no damage.
You are electrocuted!!
You completely miss Pikel. Pikel hits you but does no damage.
You slash Pikel!
Pikel is moderately wounded.
Pikel barely misses you.
You slash Pikel!
Pikel is heavily wounded.
Pikel hits you with a +0 whip of electrocution!
You slash Pikel!
Pikel is severely wounded.
Pikel hits you with a +0 whip of electrocution.
Pikel barely misses you.
You closely miss Pikel.
Pikel is severely wounded.
Pikel hits you with a +0 whip of electrocution!
You miss Pikel.
Pikel is severely wounded.
Pikel hits you but does no damage.
You hit Pikel but do no damage.
Pikel is severely wounded.
Pikel cracks his whip.
Pikel hits you with a +0 whip of electrocution.
* * * LOW HITPOINT WARNING * * *
Pikel hits you with a +0 whip of electrocution.
* * * LOW HITPOINT WARNING * * *
You are electrocuted!!
You die...

..# ##..#### .## ##.# ### ## #.#
####.# # #.# ###....## #.#
##.......# #.# ####........# #
#.###...........# #
#.##....5.......## #
#@##..♣5♣......... # #######
#K##..K........... # ###.....###
#55#..♣.♣.♣.♣.♣.♣.
####.........###..#..............
##.........>..##.).....♣.........
##...............#...............
.##.............#####..♣...8~~~~~
.................# #......~~~~~~
#<..............## #..♣...~~~~≈≈


You could see Pikel and 2 lemures.

Vanquished Creatures
  A water moccasin (D:4)
  An ogre (D:4)
  2 lemures (D:4)
  An orc priest (D:3)
  An iguana (D:4)
  4 adders
  2 dart slugs
  5 orcs (D:3)
  8 endoplasms
  A giant cockroach (D:3)
  9 goblins
  4 hobgoblins
  7 jackals
  3 quokkas
  3 ball pythons
  7 bats
  A frilled lizard (D:1)
  7 kobolds
  14 rats
81 creatures vanquished.

Notes
Turn   | Place    | Note
-------+----------+-------------------------------------------
     0 | D:1      | porpoise the Hill Orc Monk began the quest for the Orb.
     0 | D:1      | Reached XP level 1. HP: 19/19 MP: 1/1
    96 | D:1      | Reached XP level 2. HP: 17/27 MP: 2/2
   765 | D:1      | Reached skill level 5 in Axes
   868 | D:1      | Reached XP level 3. HP: 33/33 MP: 3/3
  1481 | D:2      | Found a white marble altar of Elyvilon.
  1994 | D:2      | Reached XP level 4. HP: 37/41 MP: 4/4
  2206 | D:3      | Reached skill level 6 in Axes
  2700 | D:3      | Found Zuypuoz's Weapon Shoppe.
  2720 | D:3      | Reached XP level 5. HP: 47/47 MP: 5/5
  3275 | D:4      | Reached skill level 5 in Fighting
  3323 | D:4      | Noticed an ogre
  3327 | D:4      | Killed an ogre
  3328 | D:4      | Reached skill level 7 in Axes
  3328 | D:4      | Reached XP level 6. HP: 56/56 MP: 6/6
  3587 | D:4      | Noticed a water moccasin
  3595 | D:4      | Killed a water moccasin
  3596 | D:4      | Reached skill level 8 in Axes
  3864 | D:4      | Noticed Pikel
  3884 | D:4      | Mangled by Pikel

Illustrated notes

Levels and vault maps discovered:
D:1:      erik_arrival_cave_to_civilisation [erik_arrival_cave_to_hall],
          layout_loops_corners
D:2:      layout_loops_corners, basic_altar
D:3:      layout_loops_corners, serial_shops, shop
D:4:      layout_cave_pods, serial_park, serial_park_avenue1,
          serial_park_fountain, uniq_duvessa, uniq_pikel, uniq_edmund

Skill      XL: |  1  2  3  4  5  6 |
---------------+-------------------+-----
Fighting       | 4 5 |  5.7
Axes           | 5 6 7 8 |  8.2
Dodging        | |  2.4
Stealth        | |  1.5

Action                     |  1- 3 |  4- 6 || total
---------------------------+-------+-------++-------
  Melee: Hand axe          |   136 |   152 ||   288
         Punch             |     1 |       ||     1
   Fire: Sling             |     5 |    15 ||    20
  Throw: Dart              |     5 |       ||     5
         Boomerang         |     2 |       ||     2
    Use: Scroll            |     1 |     4 ||     5
   Stab: Sleeping          |     1 |       ||     1
 Armour: Robe              |    10 |       ||    10
         Ring mail         |    26 |    50 ||    76
  Dodge: Dodged            |    84 |    82 ||   166

Table legend: (Time is in decaauts)
 A = Elapsed time spent in this place.
 B = Non-inter-level travel time spent in this place.
 C = Inter-level travel time spent in this place.
 D = Time resting spent in this place.
 E = Time spent auto-exploring this place.
 F = Levels seen in this place.
 G = Mean time per level.
                   A        B        C        D        E       F      G
               +--------+--------+--------+--------+--------+-----+--------+
         Total |   3903 |   3838 |     65 |    559 |   2452 |   4 |  975.8 |
       Dungeon |   3903 |   3838 |     65 |    559 |   2452 |   4 |  975.8 |
               +--------+--------+--------+--------+--------+-----+--------+

Top non-repeatable levels by time:
     D:1: 1273 daAuts
     D:3: 1048 daAuts
     D:2: 870 daAuts
     D:4: 709 daAuts
